 Dungeon Crawl Stone Soup version 0.16-a0-2710-g8b41a68 (webtiles) character file.

443228 Johnny the Devastator (level 22, -9/170 (172) HPs)
             Began as a Demigod Fire Elementalist on Nov 24, 2014.
             Mangled by a caustic shrike (13 damage)
             ... on level 2 of the Depths on Nov 26, 2014.
             The game lasted 07:17:21 (110155 turns).

Johnny the Devastator (Demigod Fire Elementalist) Turns: 110155, Time: 07:17:21

HP:   -9/170 (172)  AC: -2    Str: 11    XL:     22   Next: 6%
MP:   25/39         EV: 32    Int: 27    God:
Gold: 390           SH:  8    Dex: 22    Spells: 7 memorised, 4 levels left

rFire  + + .     SeeInvis +     e - +9 trident (protect)
rCold  + + .     Clarity  .     u - +2 robe {rC+ rF+}
rNeg   . . .     SustAb   +     b - +2 buckler {rF+}
rPois  .         Gourm    .     f - +2 hat {SInv}
rElec  +         Spirit   .     Q - +1 cloak
rCorr  .         Warding  .     a - +1 pair of gloves
rMut   .         Stasis   .     E - +3 pair of boots of the Evening Star {Dex+2}
MR     ++...                    t - amulet of the Air {Inacc +Fly rElec EV+5 RMsl}
Stlth  ++........               K - +5 ring of evasion
                                m - ring of Nuischehuj {Wiz rC+ Slay+3}

@: corroded equipment, repel missiles, very resistant to hostile enchantments,
unstealthy
A: large bone plates 1, dopey 1, sustain abilities
a: Evoke Flight
}: 2/15 runes: decaying, gossamer


You were on level 2 of the Depths.
You were not hungry.

You visited 8 branches of the dungeon, and saw 46 of its levels.
You visited 1 bazaar.
You also visited: Trove and Ice Cave.

You collected 5352 gold pieces.
You spent 4962 gold pieces at shops.

Inventory:

Hand weapons
 d - the +9 scythe of Amorality {slice, Stlth--, unknown}
   (You found it on level 3 of the Depths)

   It inflicts extra damage upon your enemies.
   It makes you much less stealthy.
 e - a +9 trident of protection (weapon)
 g - the +4 great sword of War {drain, rN+, unknown}
   (You took it off a yaktaur on level 2 of the Depths)

   A truly terrible weapon, it drains the life of those it strikes.
   It protects you from negative energy.
 w - the +7 flail of Experimentation {crush, +Blink +Fly rElec rC- rN+}
   (You found it on level 2 of the Depths)

   It inflicts extra damage upon your enemies.
   It makes you vulnerable to cold.
   It insulates you from electricity.
   It protects you from negative energy.
   It lets you fly.
   It lets you blink.
Armour
 a - a +1 pair of gloves (worn)
 b - a +2 buckler of fire resistance (worn)
 f - a +2 hat of see invisible (worn)
 u - a +2 robe of resistance (worn)
 E - the +3 pair of boots of the Evening Star (worn) {Dex+2}
   (You bought it in a shop on level 5 of the Dungeon)

   It affects your dexterity (+2).
 Q - a +1 cloak (worn)
Jewellery
 j - an uncursed ring of poison resistance
 m - the ring of Nuischehuj (left hand) {Wiz rC+ Slay+3}
   (You bought it in a shop in a bazaar)

   [ring of wizardry]

   It improves your spell success rate.
   It affects your accuracy and damage with ranged weapons and melee attacks
   (+3).
   It protects you from cold.
 t - the amulet of the Air (around neck) {Inacc +Fly rElec EV+5 RMsl}
   (You found it in a treasure trove)

   [amulet of inaccuracy]

   It reduces the accuracy of all your attacks.
   It affects your evasion (+5).
   It insulates you from electricity.
   It lets you fly.
   It protects you from missiles.
 K - a +5 ring of evasion (right hand)
 O - an uncursed amulet of regeneration
 S - the amulet of the Four Winds {Clar rN+ MR+++}
   (You found it on level 9 of the Dungeon)

   [amulet of clarity]

   It provides mental clarity.
   It protects you from negative energy.
   It affects your resistance to hostile enchantments.
Magical devices
 l - a wand of slowing (31)
 s - a wand of digging (15)
 x - a wand of teleportation (2)
 z - a wand of hasting (4)
 M - a wand of confusion (11)
 R - a wand of digging (11)
Scrolls
 h - 10 scrolls of amnesia
 A - 6 scrolls of fog
 I - a scroll of holy word
 J - a scroll of recharging
 N - 8 scrolls of magic mapping
 V - 10 scrolls of remove curse
 Z - 3 scrolls of vulnerability
Potions
 i - 2 potions of cure mutation
 k - 2 potions of invisibility
 p - 5 potions of restore abilities
 q - 6 potions of brilliance
 r - 3 potions of flight
 B - 3 potions of cancellation
 C - a potion of magic
 P - 2 potions of resistance
 T - 6 potions of might
 X - a potion of haste
Miscellaneous
 v - a fan of gales (inert, charging)
 y - a lamp of fire (inert)
 F - a lamp of fire (inert, charging)
 H - a lamp of fire (inert)
 L - a phial of floods (inert, charging)
 U - a stone of tremors (inert, charging)
Comestibles
 c - 8 bread rations
 n - 3 fruits
 o - 6 meat rations
 D - a royal jelly
 G - a chunk of flesh


   Skills:
 - Level 9.0 Fighting
 - Level 7.8 Armour
 - Level 11.5 Dodging
 - Level 1.7 Stealth
 - Level 10.2 Spellcasting
 * Level 19.9 Conjurations
 - Level 8.8 Charms
 * Level 19.8 Fire Magic
 + Level 14.0 Earth Magic
 - Level 9.3 Evocations


You had 4 spell levels left.
You knew the following spells:

 Your Spells              Type           Power        Failure   Level  Hunger
a - Flame Tongue          Conj/Fire      #####        0%          1    None
b - Sticky Flame          Conj/Fire      #######.     0%          4    None
c - Fireball              Conj/Fire      #######...   1%          5    ####...
d - Flight                Chrm/Air       #####.....   1%          3    None
e - Shatter               Erth           ######....   100%        9    #######
f - Iron Shot             Conj/Erth      #######...   1%          6    #####..
g - Fire Storm            Conj/Fire      #######...   65%         9    #######


Dungeon Overview and Level Annotations

Branches:
Dungeon (15/15)            Temple (0/1) D:7            Lair (8/8) D:9
  Swamp (5/5) Lair:4       Spider (5/5) Lair:4        Slime (0/6) Lair:6
    Orc (4/4) D:11            Elf (2/3) Orc:3        Vaults (4/5) D:14
  Crypt (0/3) Vaults:2     Depths (3/5) D:15

Shops:
D:5 [   D:8 *   D:13 **?(   Orc:2 !=[=   Orc:4 =[*(

Portals:
Hell: Lair:8 Depths:1
Pandemonium: Depths:1 Depths:3

Annotations:
D:1 runed door
D:2 Robin
D:13 runed door
Lair:5 Ladykiller69's ghost, powerful FoFi
Swamp:4 Wiglaf
Elf:2 runed door


Innate Abilities, Weirdness & Mutations

Your attributes are resistant to harm.
You are partially covered in large bone plates (AC +2, SH +2).
You are dopey. (Int -2)


Message History

Unknown command.
Drink which item? (? for menu, Esc to quit)
Okay, then.
Unknown command.
Evoke which item? (* to show all) (? for menu, Esc to quit)
Okay, then.
Unknown command.
Unknown command.
Casting: Sticky Flame
Confirm with . or Enter, or press ? or * to list all spells.
Okay, then.
Unknown command.
Unknown command.
Drink which item? (? for menu, Esc to quit)
You feel strangely stable.
You feel magically purged.
The caustic shrike completely misses you. x2
Your fire elemental misses the caustic shrike.
The caustic shrike closely misses you. The caustic shrike claws you!
You die...

################
###......>.......###
#......[...........####
#....###⌠##8###....#..###
''................''....##
.#.##############.#......##
####.....##.....####......##
#...##...''........###.....##
.##⌠#....''.....@....##..⌠.>##
.#.......##.....bb....##.....##
...)############.E.....##..8..##
).###.......E..###§....###..)..##
### #....##....#.#''..## ##.....#
# ##..#.⌠#..Z'...#### ##....#
#........#.....## ##....
##########...##≈## #.... ###...#
###.(≈#[## ##.##


You could see 2 caustic shrikes and a friendly fire elemental.

Vanquished Creatures
  Boris (Vaults:4)
  the Lernaean hydra (Swamp:5)
  Norris (Spider:5)
  Saint Roka (Vaults:3)
  Mara (Swamp:5)
  A golden dragon (Depths:2)
  Frederick (Vaults:4)
  Arachne (Spider:5)
  Nikola (Spider:2)
  A caustic shrike (Depths:2)
  2 tentacled monstrosities
  3 liches
  2 sphinxes
  2 thorn hunters
  Agnes (Swamp:5)
  8 tengu reavers
  A storm dragon (Vaults:4)
  5 fire giants
  3 ghost moths
  4 frost giants
  Donald (Swamp:3)
  A ghost moth (shapeshifter) (Vaults:2)
  A deep elf sorcerer (Elf:2)
  A balrug (Depths:1)
  12 vault wardens
  10 emperor scorpions
  Jorgrun (Spider:2)
  9 very ugly things
  9 stone giants
  3 deep elf demonologists
  A vampire knight (Depths:2)
  3 deep elf annihilators
  4 dire elephants
  12 ettins
  Snorg (Lair:7)
  2 deep elf death magi
  7 vault guards
  A crystal guardian (Vaults:4)
  A deep elf high priest (Depths:2)
  11 fire dragons
  6 yaktaur captains
  11 ironheart preservers
  21 hydras
  Fannar (Elf:2)
  7 great orbs of eyes
  A spriggan air mage (Depths:2)
  2 rakshasas
  5 ice dragons
  9 deep troll earth magi
  An anaconda (shapeshifter) (Elf:1)
  17 dancing weapons
  A ghost crab (shapeshifter) (D:13)
  4 tengu warriors
  8 ogre magi
  12 alligators
  5 centaur warriors
  7 death yaks
  7 deep troll shamans
  An orc high priest (Elf:2)
  3 spriggan berserkers
  5 hell knights (Depths:2)
  A shadow wraith (Vaults:4)
  4 fire crabs
  3 iron trolls
  22 deep elf knights
  2 sun demons
  A fire crab (shapeshifter) (Vaults:4)
  Erolcha (D:8)
  A sea snake (shapeshifter) (Vaults:4)
  3 flayed ghosts
  37 deep trolls
  14 swamp dragons
  3 giant orange brains
  A giant orange brain (shapeshifter) (Depths:2)
  An obsidian statue (Vaults:1)
  A tengu zombie (Vaults:3)
  3 shambling mangroves
  10 harpies
  17 ironbrand convokers
  7 necromancers
  5 deep elf summoners
  4 unseen horrors
  29 orb spiders
  A torturous demonspawn (Depths:1)
  21 deep elf conjurers
  A red wasp (shapeshifter) (Vaults:1)
  9 hill giants
  42 wolf spiders
  A wolf spider (shapeshifter) (Depths:1)
  11 orc knights
  2 wizards
  A stone giant zombie (Depths:1)
  3 orc sorcerers
  22 cyclopes
  16 red wasps
  4 griffons
  52 ugly things
  3 manticores
  2 moths of wrath
  A sixfirhy (Lair:8)
  A black mamba (Lair:2)
  20 vault sentinels
  An octopode (shapeshifter) (D:15)
  A fire giant skeleton (Depths:1)
  4 elephants
  4 torpor snails
  3 orange demons
  A queen ant (Lair:5)
  A naga mage (Vaults:1)
  A komodo dragon (shapeshifter) (Vaults:4)
  A guardian serpent (shapeshifter) (Vaults:3)
  20 spiny frogs
  2 fire drakes (Lair:8)
  A death yak zombie (Depths:2)
  A gargoyle (D:12)
  64 yaktaurs
  4 komodo dragons
  18 demonic crawlers
  3 kobold demonologists
  2 red devils (Lair:8)
  2 redback zombies (Vaults:4)
  A hellwing (Lair:8)
  4 tengu conjurers
  12 deep elf priests
  15 two-headed ogres
  15 trolls
  A polar bear (Lair:8)
  6 freezing wraiths
  37 jumping spiders
  5 boulder beetles
  A tengu simulacrum (Depths:2)
  5 blue devils (Lair:8)
  A blink frog (shapeshifter) (Vaults:4)
  24 slime creatures
  25 blink frogs
  9 giant leeches
  21 ravens
  A harpy skeleton (D:15)
  A slime creature (shapeshifter) (Vaults:3)
  2 fire elementals
  3 air elementals (Depths:2)
  7 bog bodies
  32 tarantellas
  3 centaur simulacra
  19 trapdoor spiders
  45 redbacks
  A human skeleton (Vaults:3)
  8 shadows
  3 basilisks
  52 yaks
  3 wraiths
  10 hippogriffs
  3 wyverns
  35 deep elf magi
  A water elemental (D:13)
  7 spriggans
  24 wolves
  A spriggan (shapeshifter) (Vaults:2)
  A steam dragon (Lair:4)
  2 vampires
  22 vampire mosquitoes
  12 soldier ants (Lair:5)
  2 humans (shapeshifter)
  43 deep elf fighters
  A redback simulacrum (D:15)
  A raven zombie (Depths:2)
  13 wargs
  A human zombie (Depths:2)
  37 swamp worms
  A deep troll skeleton (Vaults:3)
  A small abomination (Elf:2)
  31 water moccasins
  16 swamp drakes
  A hell hound (Lair:8)
  34 orc warriors
  7 porcupines
  29 spiders
  4 black bears
  2 mottled dragons
  7 sky beasts
  10 ice beasts
  An elf simulacrum (Depths:1)
  2 necrophages
  A boring beetle (shapeshifter) (Vaults:3)
  29 ogres
  A phantom (Swamp:5)
  A centaur (shapeshifter) (Depths:2)
  12 centaurs
  18 yellow wasps
  A big kobold (D:5)
  21 crocodiles
  Duvessa (D:8)
  A boring beetle (Lair:8)
  8 boggarts
  17 giant frogs
  A deep troll simulacrum (Vaults:3)
  A water moccasin zombie (D:6)
  8 insubstantial wisps
  A wyvern skeleton (D:10)
  A killer bee (D:9)
  14 scorpions
  4 electric eels
  7 jellies
  5 giant frog zombies
  2 goliath beetles
  11 wights
  7 crimson imps
  Dowan (D:8)
  A human simulacrum (Vaults:3)
  An orange rat (Elf:1)
  36 orc wizards
  9 centaur zombies
  Crazy Yiuf (D:7)
  27 orc priests
  5 centaur skeletons
  2 giant frog skeletons
  11 hounds
  10 iguanas
  21 sheep
  21 worker ants
  Ijyb (D:2)
  A hound skeleton (D:9)
  2 hound zombies
  Terence (D:2)
  A mummy (D:11)
  An adder (shapeshifter) (Vaults:4)
  7 gnolls
  75 river rats
  5 shadow imps
  12 white imps (Orc:3)
  27 adders
  A giant mite (D:9)
  12 worms
  An adder skeleton (D:4)
  An adder zombie (D:6)
  3 giant geckos
  6 oozes
  224 orcs
  A ball python (D:1)
  16 bats
  8 giant cockroaches
  30 goblins
  18 hobgoblins
  10 quokkas
  5 giant newts
  2 giant spores
  5 jackals
  A jackal skeleton (D:6)
  11 kobolds
  A quokka zombie (D:8)
  13 rats
  4 ballistomycetes
  4 crawling corpses (Elf:2)
  3 fungi
  3 plants (Spider:1)
2342 creatures vanquished.

Vanquished Creatures (collateral kills)
  Sojobo (Depths:2)
  A caustic shrike (Depths:2)
  A deep elf blademaster (Elf:2)
  A frost giant (Depths:2)
  An emperor scorpion (Depths:1)
  Aizul (Spider:3)
  A deep elf sorcerer (Vaults:4)
  3 stone giants
  A deep elf annihilator (Vaults:4)
  A fire dragon (Depths:2)
  4 ironheart preservers
  A death yak (Depths:2)
  A tengu warrior (Depths:1)
  A titan zombie (Depths:2)
  6 slime creatures (Vaults:1)
  An iron troll (Depths:2)
  An ironbrand convoker (Vaults:3)
  3 deep elf summoners
  A deep elf conjurer (Elf:2)
  A shining eye (shapeshifter) (Vaults:4)
  5 ugly things
  2 wolf spiders
  A manticore (shapeshifter) (Depths:2)
  A fire giant skeleton (Depths:2)
  A torpor snail (Spider:5)
  2 yaktaurs
  2 deep elf priests
  A red devil (Depths:1)
  2 water elementals
  A freezing wraith (Vaults:1)
  A jumping spider (Spider:5)
  2 deep elf magi
  A trapdoor spider (Spider:5)
  A basilisk (Lair:5)
  An air elemental (Depths:2)
  3 yaks (Lair:8)
  4 deep elf fighters
  5 soldier ants (Lair:5)
  A spider (Spider:5)
  A yellow wasp (Spider:5)
  An ogre (Vaults:4)
  An orange rat (Elf:2)
  An orc wizard (Vaults:3)
  8 worker ants (Lair:5)
  3 ogre zombies (Depths:2)
  A crawling corpse (Elf:2)
85 creatures vanquished.

Vanquished Creatures (others)
  A ghost moth (Spider:5)
  An ironheart preserver (Vaults:4)
  Josephine (D:13)
  An ogre mage (Depths:2)
  A deep troll (Vaults:2)
  A deep elf conjurer (Elf:1)
  An elephant (Lair:7)
  19 water elementals
  10 air elementals
  A deep elf priest (Elf:2)
  27 fire elementals
  3 soldier ants (Lair:5)
  A hippogriff (Lair:8)
  A yak (Lair:8)
  A deep elf fighter (Elf:1)
  8 earth elementals
  A swamp drake (Swamp:5)
  A giant frog (D:11)
  An adder (Lair:8)
  7 fungi
  2 plants
90 creatures vanquished.

Grand Total: 2517 creatures vanquished

Notes
Turn   | Place    | Note
--------------------------------------------------------------
     0 | D:1      | Johnny, the Demigod Fire Elementalist, began the quest for the Orb.
     0 | D:1      | Reached XP level 1. HP: 14/14 MP: 3/3
     1 | D:1      | Found a runed door.
     5 | D:1      | Noticed a jelly
    22 | D:1      | Reached skill level 1 in Conjurations
   682 | D:1      | Reached XP level 2. HP: 20/22 MP: 2/4
  1356 | D:2      | Reached skill level 3 in Fire Magic
  1581 | D:2      | Noticed Ijyb
  1594 | D:2      | Killed Ijyb
  1594 | D:2      | Reached XP level 3. HP: 19/27 MP: 0/8
  1835 | D:2      | Reached skill level 1 in Fighting
  1956 | D:2      | Noticed Terence
  2024 | D:2      | Noticed Robin
  2259 | D:1      | Killed a jelly
  2259 | D:1      | Reached XP level 4. HP: 25/35 MP: 0/10
  2370 | D:1      | Learned a level 4 spell: Sticky Flame
  2432 | D:1      | Reached skill level 1 in Evocations
  3300 | D:3      | Noticed a sky beast
  3552 | D:4      | Reached XP level 5. HP: 35/40 MP: 2/12
  4063 | D:4      | Reached skill level 4 in Fire Magic
  4381 | D:4      | Reached XP level 6. HP: 46/48 MP: 6/15
  4715 | D:3      | Killed a sky beast
  5076 | D:3      | Found a glowing golden altar of the Shining One.
  5134 | D:3      | Found a shadowy altar of Dithmenos.
  5135 | D:3      | Found an opulent altar of Gozag.
  5439 | D:2      | Killed Terence
  5686 | D:5      | Entered Level 5 of the Dungeon
  5910 | D:5      | Learned a level 5 spell: Fireball
  6183 | D:5      | Reached XP level 7. HP: 55/55 MP: 10/18
  6600 | D:5      | Found Kolumn's Antique Armour Shoppe.
  6649 | D:5      | Bought a pair of shimmering boots for 256 gold pieces
  6661 | D:5      | Identified the +3 pair of boots of the Evening Star {Dex+2} (You bought it in a shop on level 5 of the Dungeon)
  6926 | D:6      | Found a radiant altar of Vehumet.
  7054 | D:6      | Reached skill level 5 in Fire Magic
  7122 | D:6      | Reached XP level 8. HP: 43/63 MP: 2/20
  7441 | D:6      | Noticed a cyan ugly thing
  7459 | D:6      | Reached skill level 5 in Conjurations
  7472 | D:6      | Killed a cyan ugly thing
  7641 | D:6      | Found a snail-covered altar of Cheibriados.
  8155 | D:6      | Reached skill level 6 in Fire Magic
  8491 | D:7      | Reached XP level 9. HP: 71/71 MP: 9/22
  8936 | D:7      | Noticed Crazy Yiuf
  8940 | D:7      | Killed Crazy Yiuf
  8979 | D:7      | Found a staircase to the Ecumenical Temple.
  9172 | D:8      | Noticed Dowan
  9173 | D:8      | Noticed Duvessa
  9195 | D:8      | Killed Dowan
  9201 | D:8      | Killed Duvessa
  9332 | D:8      | Found a shimmering altar of Xom.
  9334 | D:8      | Found Broizufu's Assorted Antiques.
  9652 | D:8      | Reached skill level 5 in Dodging
  9850 | D:8      | Found a glowing golden altar of the Shining One.
  9857 | D:8      | Noticed Erolcha
  9869 | D:8      | Killed Erolcha
  9869 | D:8      | Reached skill level 7 in Fire Magic
  9979 | D:8      | Found a stormy altar of Qazlal.
 10110 | D:9      | Found a staircase to the Lair.
 10122 | D:9      | Noticed a hill giant
 10137 | D:9      | Killed a hill giant
 10137 | D:9      | Reached skill level 5 in Evocations
 10137 | D:9      | Reached XP level 10. HP: 80/80 MP: 17/24
 10723 | Lair:1   | Entered Level 1 of the Lair of Beasts
 11560 | Lair:1   | Reached skill level 5 in Fighting
 11907 | Lair:2   | Reached skill level 5 in Spellcasting
 12040 | Lair:2   | Reached skill level 8 in Fire Magic
 12652 | Lair:2   | Reached XP level 11. HP: 69/88 MP: 0/26
 14412 | Lair:3   | Got a smoking ring mail
 14423 | Lair:3   | Identified the +1 ring mail of a volcano {Str+3 Dex+5} (You found it on level 3 of the Lair of Beasts)
 15158 | Lair:4   | Found a staircase to the Swamp.
 15785 | Lair:4   | Found a hole to the Spider Nest.
 15788 | Lair:4   | Reached skill level 9 in Fire Magic
 16222 | Lair:5   | Noticed Ladykiller69's ghost (powerful FoFi)
 17026 | Lair:5   | Noticed a six-headed hydra
 17035 | Lair:5   | Noticed a six-headed hydra
 17036 | Lair:5   | Killed a six-headed hydra
 17425 | Lair:5   | Got a shimmering scale mail
 17844 | Lair:6   | Identified the +3 scale mail of Indomitability {Dex-3} (You found it on level 5 of the Lair of Beasts)
 17919 | Lair:6   | Noticed a seven-headed hydra
 17924 | Lair:6   | Killed a seven-headed hydra
 18258 | Lair:6   | Found a staircase to the Slime Pits.
 18685 | Lair:6   | Noticed an eight-headed hydra
 18704 | Lair:6   | Killed an eight-headed hydra
 18704 | Lair:6   | Reached XP level 12. HP: 70/97 MP: 19/29
 19182 | Lair:1   | Learned a level 3 spell: Flight
 19420 | Lair:5   | Reached skill level 1 in Charms
 20018 | Lair:5   | Killed a six-headed hydra
 20371 | Lair:7   | Reached skill level 10 in Fire Magic
 20880 | Lair:7   | Noticed Snorg
 20954 | Lair:7   | Killed Snorg
 21990 | Lair:8   | Entered Level 8 of the Lair of Beasts
 22007 | Lair:8   | Reached skill level 10 in Conjurations
 22150 | Lair:8   | Noticed a six-headed hydra
 22171 | Lair:8   | Killed a six-headed hydra
 22295 | Lair:8   | Noticed an eight-headed hydra
 22319 | Lair:8   | Killed an eight-headed hydra
 22890 | Lair:7   | Reached XP level 13. HP: 95/105 MP: 6/30
 23927 | Lair:8   | Got a smoking hand crossbow
 23928 | Lair:8   | Identified the +6 hand crossbow "Dragon's Tongue" {elec, rN+} (You found it on level 8 of the Lair of Beasts)
 24255 | Lair:8   | Noticed a dire elephant
 24282 | Lair:8   | Killed a dire elephant
 24504 | Lair:8   | Noticed a six-headed hydra
 24524 | Lair:8   | Killed a six-headed hydra
 24680 | Lair:8   | Noticed a four-headed hydra
 24703 | Lair:8   | Killed a four-headed hydra
 24703 | Lair:8   | Reached skill level 5 in Charms
 25196 | Lair:8   | Found a burning altar of Makhleb.
 25611 | Lair:8   | Found a gateway to Hell.
 25946 | Lair:7   | Noticed a seven-headed hydra
 25959 | Lair:7   | Killed a seven-headed hydra
 25959 | Lair:7   | Reached skill level 11 in Fire Magic
 26214 | D:10     | Entered Level 10 of the Dungeon
 27710 | D:11     | Found a roughly hewn altar of Beogh.
 27710 | D:11     | Found a staircase to the Orcish Mines.
 29437 | D:11     | Found Otwotioh's Food Boutique.
 29518 | D:11     | Reached XP level 14. HP: 103/114 MP: 14/31
 29702 | Orc:1    | Entered Level 1 of the Orcish Mines
 29710 | Orc:1    | Reached skill level 10 in Dodging
 29954 | Orc:2    | Found Sohasad's Jewellery Shop.
 29992 | Orc:3    | Found a staircase to the Elven Halls.
 30071 | Orc:3    | Found a frozen archway.
 30105 | IceCv    | Entered an ice cave
 30105 | IceCv    | Noticed smajdalf's ghost (powerful DgEE)
 30932 | Orc:2    | Found Qemuboom's Distillery.
 31070 | Orc:2    | Bought a potion of heal wounds for 65 gold pieces
 31070 | Orc:2    | Bought a potion of curing for 39 gold pieces
 31104 | Orc:2    | Found a roughly hewn altar of Beogh.
 31208 | Orc:2    | Found Pnaumaq's Jewellery Boutique.
 31210 | Orc:2    | Found Poimeora's Antique Armour Emporium.
 32078 | Orc:4    | Entered Level 4 of the Orcish Mines
 32272 | Orc:4    | Found Waidof's General Store.
 33592 | Orc:4    | Found Ybop's Antique Weapon Shoppe.
 34089 | Orc:4    | Found Steqis' Jewellery Emporium.
 34112 | Orc:4    | Found Qinaalaf's Antique Armour Emporium.
 34302 | Orc:4    | Bought a potion of heal wounds for 65 gold pieces
 34302 | Orc:4    | Bought a potion of agility for 52 gold pieces
 34302 | Orc:4    | Bought a potion of cancellation for 104 gold pieces
 34302 | Orc:4    | Bought a scroll of acquirement for 676 gold pieces
 34652 | Swamp:1  | Entered Level 1 of the Swamp
 36885 | Swamp:2  | Reached skill level 12 in Fire Magic
 37484 | Swamp:2  | Upgraded the game from 0.16-a0-2669-g4c00d22 to 0.16-a0-2683-gc417ed5
 38673 | Swamp:2  | Reached XP level 15. HP: 117/123 MP: 0/33
 39251 | Swamp:3  | Noticed Donald
 39342 | Swamp:3  | Killed Donald
 40552 | Swamp:4  | Noticed a thorn hunter
 40564 | Swamp:4  | Killed a thorn hunter
 41466 | Swamp:5  | Entered Level 5 of the Swamp
 41542 | Swamp:5  | Noticed a thorn hunter
 41546 | Swamp:5  | Killed a thorn hunter
 41547 | Swamp:5  | Noticed Wiglaf
 41725 | Swamp:5  | Noticed Mara
 41731 | Swamp:5  | Noticed Agnes
 41731 | Swamp:5  | Noticed Johnny's illusion
 42519 | Spider:1 | Entered Level 1 of the Spider Nest
 43496 | Spider:1 | Got a smoking chain mail
 44135 | Spider:1 | Identified the Reference Book on Supportive Displacement
 44342 | Spider:2 | Learned a level 9 spell: Shatter
 44419 | Spider:2 | Reached skill level 1 in Earth Magic
 45419 | Spider:3 | Reached skill level 1 in Armour
 45809 | Spider:3 | Noticed Nikola
 46344 | Spider:3 | Noticed Jorgrun
 46359 | Spider:2 | Killed Jorgrun
 46614 | Spider:2 | Upgraded the game from 0.16-a0-2683-gc417ed5 to 0.16-a0-2702-gfff482a
 46796 | Spider:3 | Reached skill level 5 in Earth Magic
 47941 | Spider:3 | Noticed Aizul
 48296 | Spider:4 | Reached XP level 16. HP: 111/132 MP: 2/34
 48688 | Spider:3 | Killed Aizul
 48952 | Spider:3 | Identified the +7 chain mail of the Duchess {Str-1 Slay+4} (You found it on level 1 of the Spider Nest)
 48973 | Spider:3 | Learned a level 6 spell: Iron Shot
 49845 | D:13     | Found a runed door.
 49848 | D:13     | Found a runed door.
 49855 | D:13     | Noticed Josephine
 49865 | D:13     | Killed Josephine
 50341 | D:13     | Found Wiurun's Assorted Antiques.
 50353 | D:13     | Bought a potion of heal wounds for 155 gold pieces
 50353 | D:13     | Bought a potion of curing for 93 gold pieces
 50369 | D:13     | Found Kluikeax's Assorted Antiques.
 50560 | D:13     | Bought a scroll of identify for 52 gold pieces
 50560 | D:13     | Bought a potion of heal wounds for 130 gold pieces
 50605 | D:13     | Found Ytonapt's Magic Scroll Boutique.
 50608 | D:13     | Bought a scroll of identify for 32 gold pieces
 50608 | D:13     | Bought a scroll of teleportation for 48 gold pieces
 50608 | D:13     | Bought a scroll of identify for 32 gold pieces
 50608 | D:13     | Bought a scroll of identify for 32 gold pieces
 51004 | D:13     | Found Nymoriom's Weapon Shoppe.
 52043 | D:14     | Found an opulent altar of Gozag.
 52615 | D:14     | Reached skill level 5 in Armour
 52860 | D:14     | Found a gate to the Vaults.
 53746 | D:15     | Entered Level 15 of the Dungeon
 54996 | D:15     | Found a staircase to the Depths.
 55142 | D:15     | Reached skill level 10 in Earth Magic
 56001 | Spider:2 | Killed Nikola
 57933 | Spider:5 | Entered Level 5 of the Spider Nest
 58782 | Spider:5 | Noticed Arachne
 59140 | Spider:5 | Killed Arachne
 59140 | Spider:5 | Reached XP level 17. HP: 105/137 MP: 6/35
 59444 | Spider:5 | Noticed Norris
 59465 | Spider:5 | Killed Norris
 63611 | Swamp:5  | Noticed the 27-headed Lernaean hydra
 64227 | Swamp:5  | Killed Agnes
 64336 | Swamp:5  | Killed the 27-headed Lernaean hydra
 64653 | Swamp:5  | Noticed Johnny's illusion
 64847 | Swamp:5  | Noticed Johnny's illusion
 65354 | Swamp:5  | Killed Mara
 65354 | Swamp:5  | Reached skill level 13 in Earth Magic
 65902 | Swamp:5  | Got a decaying rune of Zot
 66902 | Vaults:1 | Entered Level 1 of the Vaults
 67254 | Vaults:1 | Found a radiant altar of Vehumet.
 67254 | Vaults:1 | Noticed a lich
 67259 | Vaults:1 | Killed a lich
 67916 | Vaults:1 | Reached skill level 10 in Spellcasting
 68452 | Vaults:1 | Reached XP level 18. HP: 123/145 MP: 26/37
 69261 | Vaults:1 | Found a gateway to a bazaar.
 69268 | Bazaar   | Entered a bazaar
 69268 | Bazaar   | Found Luhoff's Assorted Antiques.
 69276 | Bazaar   | Found Shutepp's Food Shoppe.
 69286 | Bazaar   | Found Gry Skacs' Assorted Antiques.
 69293 | Bazaar   | Found Ucseac's Jewellery Emporium.
 69329 | Bazaar   | Found Uwaxabog's Weapon Shop.
 69349 | Bazaar   | Bought a scroll of teleportation for 45 gold pieces
 69349 | Bazaar   | Bought a potion of might for 60 gold pieces
 69349 | Bazaar   | Bought a scroll of identify for 30 gold pieces
 69349 | Bazaar   | Bought a scroll of blinking for 112 gold pieces
 69368 | Bazaar   | Bought 2 scrolls of teleportation for 144 gold pieces
 69368 | Bazaar   | Bought a scroll of identify for 48 gold pieces
 69368 | Bazaar   | Bought a lamp of fire for 960 gold pieces
 69368 | Bazaar   | Bought a scroll of fear for 84 gold pieces
 69392 | Bazaar   | Bought the ring of Nuischehuj {Wiz rC+ Slay+3} for 792 gold pieces
 69416 | Bazaar   | Learned a level 9 spell: Fire Storm
 69422 | Bazaar   | Bought a beef jerky for 16 gold pieces
 69422 | Bazaar   | Bought a bread ration for 55 gold pieces
 72326 | Vaults:2 | Found a staircase to the Crypt.
 72326 | Vaults:2 | Found an ancient bone altar of Kikubaaqudgha.
 72327 | Vaults:2 | Found a basalt altar of Yredelemnul.
 73174 | Vaults:2 | Reached skill level 14 in Conjurations
 73863 | Vaults:3 | Noticed Saint Roka
 78057 | Vaults:3 | Reached skill level 15 in Conjurations
 78079 | Vaults:3 | Reached XP level 19. HP: 78/151 MP: 6/37
 79335 | Vaults:3 | Killed Saint Roka
 79335 | Vaults:3 | Reached skill level 15 in Fire Magic
 79341 | Vaults:3 | Got a bloodstained blowgun
 79483 | Vaults:3 | Identified the +8 blowgun "Proatiy" {evade, rF++} (You took it off Saint Roka on level 3 of the Vaults)
 81325 | Vaults:4 | Found a portal to a secret trove of treasure.
 81622 | Vaults:4 | Noticed Boris
 82451 | Depths:1 | Entered Level 1 of the Depths
 82697 | D:15     | Reached skill level 16 in Conjurations
 86355 | Depths:1 | Got a warped platinum amulet
 86713 | D:13     | Bought 2 scrolls of enchant armour for 240 gold pieces
 86960 | Vaults:4 | Killed Boris
 86960 | Vaults:4 | Reached XP level 20. HP: 137/158 MP: 8/38
 87355 | Vaults:4 | You paid a toll of a +4 ice dragon armour to enter a treasure trove
 87356 | Trove    | Entered a treasure trove
 87363 | Trove    | Got a scintillating graven amulet
 87378 | Trove    | Got a scorched brass ring
 87395 | Trove    | Identified the amulet of Chiur {Spirit rC+ Str+2} (You found it in a treasure trove)
 87399 | Trove    | Identified the ring of Ephemeral Luck {Fire +Fly Str+3} (You found it in a treasure trove)
 87401 | Trove    | Identified the amulet "Xeyga" {rCorr Str+3 Int-5} (You took it off a deep elf knight on level 1 of the Depths)
 87425 | Trove    | Got a brightly glowing gossamer ring
 87442 | Trove    | Identified the ring of Xywiosef {+Inv +Fly rElec Int+1 Stlth+} (You found it in a treasure trove)
 88110 | Vaults:4 | Reached skill level 17 in Conjurations
 90722 | Vaults:4 | Noticed Frederick
 90738 | Vaults:4 | Killed Frederick
 94018 | Spider:5 | Got a gossamer rune of Zot
 94517 | Elf:1    | Entered Level 1 of the Elven Halls
 94543 | Elf:1    | Found a radiant altar of Vehumet.
 95132 | Elf:1    | Identified the Papyrus of Conjuration
 95353 | Elf:1    | Reached skill level 18 in Conjurations
 96807 | Elf:2    | Identified Sif Muna's Handbook of Feathery Summoning (You found it on level 2 of the Elven Halls)
 97766 | Elf:2    | Found a runed door.
 97809 | Elf:2    | Found a runed door.
 97992 | Elf:2    | Noticed Fannar
 98025 | Elf:2    | Killed Fannar
 98630 | Elf:2    | Gained mutation: You are partially covered in large bone plates (AC +2, SH +2). [potion of beneficial mutation]
 98675 | Elf:2    | Reached XP level 21. HP: 163/163 MP: 14/38
 98730 | Elf:2    | HP: 8/163 [deep elf knight/short sword (15)]
101087 | Depths:1 | Found a one-way gate leading to the halls of Pandemonium.
102531 | Depths:2 | Noticed Sojobo
103162 | Depths:2 | Got a slimy flail
103164 | Depths:2 | Identified the +7 flail of Experimentation {crush, +Blink +Fly rElec rC- rN+} (You found it on level 2 of the Depths)
103322 | Depths:2 | Reached skill level 19 in Conjurations
103503 | Depths:2 | Got an uncursed ebony great sword {drain}
103765 | Depths:2 | Killed Sojobo
104428 | Depths:2 | Upgraded the game from 0.16-a0-2702-gfff482a to 0.16-a0-2710-g8b41a68
104636 | Depths:2 | Gained mutation: You are dopey. (Int -2) [a shining eye]
104679 | Depths:2 | HP: 5/163 [ettin/dire flail of venom (17)]
108197 | Depths:3 | Got a fine scythe
108423 | Depths:2 | Paralysed by a vampire knight for 4 turns
108911 | D:11     | Bought 3 fruits for 45 gold pieces
108911 | D:11     | Bought a meat ration for 50 gold pieces
108911 | D:11     | Bought a meat ration for 50 gold pieces
108911 | D:11     | Bought a meat ration for 50 gold pieces
108911 | D:11     | Bought a bread ration for 50 gold pieces
108911 | D:11     | Bought a royal jelly for 20 gold pieces
108911 | D:11     | Bought a bread ration for 50 gold pieces
108911 | D:11     | Bought a meat ration for 50 gold pieces
108911 | D:11     | Bought a meat ration for 50 gold pieces
109041 | Orc:4    | Bought a bread ration for 65 gold pieces
109041 | Orc:4    | Bought a meat ration for 65 gold pieces
109815 | Depths:2 | Reached XP level 22. HP: 170/170 MP: 12/39
110154 | Depths:2 | HP: 4/170 [acid (5)]
110155 | Depths:2 | Mangled by a caustic shrike

Action                   |  1- 3 |  4- 6 |  7- 9 | 10-12 | 13-15 | 16-18 | 19-21 | 22-24 || total
-------------------------+-------+-------+-------+-------+-------+-------+-------+-------++-------
Melee: Short sword       |     9 |       |       |       |       |       |       |       ||     9
       Unarmed           |     3 |       |       |       |       |       |       |       ||     3
       Hand axe          |    26 |    22 |       |       |       |       |       |       ||    48
       Dagger            |       |    20 |       |       |       |       |       |       ||    20
       Flail             |       |    36 |    80 |   413 |   957 |  1042 |   742 |       ||  3270
       Trident           |       |       |       |       |       |       |   282 |    17 ||   299
Throw: Throwing net      |       |       |       |     1 |       |       |       |       ||     1
 Cast: Flame Tongue      |    68 |   194 |   238 |   209 |   661 |   127 |    66 |       ||  1563
       Sticky Flame      |       |       |    27 |   162 |   279 |   317 |   316 |     5 ||  1106
       Fireball          |       |       |       |    81 |   315 |   303 |   437 |       ||  1136
       Iron Shot         |       |       |       |       |       |   230 |   294 |     9 ||   533
       Flight            |       |       |       |       |       |       |     1 |       ||     1
Evoke: Wand              |       |     7 |    10 |    44 |    77 |    35 |    48 |     1 ||   222
       Disc of storms    |       |       |       |       |     2 |       |       |       ||     2
       Lamp of fire      |       |       |       |       |       |    13 |    20 |     1 ||    34
       Stone of tremors  |       |       |       |       |       |     9 |    11 |       ||    20
       Phial of floods   |       |       |       |       |       |     6 |    14 |     1 ||    21
       Phantom mirror    |       |       |       |       |       |       |     1 |       ||     1
       Fan of gales      |       |       |       |       |       |       |     7 |     1 ||     8
  Use: Potion            |       |     2 |       |     1 |    13 |    17 |    15 |     1 ||    49
       Scroll            |       |     6 |     1 |     6 |    22 |    34 |    29 |     1 ||    99
 Stab: Sleeping          |     3 |     1 |     1 |       |     7 |     2 |       |       ||    14
       Petrified         |       |       |       |     2 |       |       |       |       ||     2
       Distracted        |       |       |       |     1 |       |     3 |     3 |       ||     7
       Confused          |       |       |       |       |       |     3 |     7 |       ||    10
  Eat: Chunk             |     4 |    10 |    16 |    70 |   127 |   101 |   151 |       ||   479
       Beef jerky        |       |     2 |       |     1 |     1 |     4 |       |       ||     8
       Pizza             |       |       |     1 |       |    13 |       |     1 |       ||    15
       Fruit             |       |       |       |     6 |     9 |     3 |       |       ||    18
       Royal jelly       |       |       |       |     1 |     1 |       |     2 |       ||     4
       Meat ration       |       |       |       |       |     2 |    16 |     6 |       ||    24
       Bread ration      |       |       |       |       |       |     8 |    11 |     1 ||    20
